 Dungeon Crawl Stone Soup version 0.29.0-11-gd7f09526c8 (webtiles) character file.

Game seed: 8310582867405569555

9 xian the Sneak (level 2, -9/21 HPs)
             Began as an Octopode Delver on Sept 3, 2022.
             Killed by divine providence
             ... invoked by an orc priest
              (13 damage)
             ... on level 4 of the Dungeon.
             The game lasted 00:00:30 (51 turns).

xian the Sneak (Octopode Delver)                      Turns: 51, Time: 00:00:30

Health: -9/21      AC:  1    Str: 11    XL:     2   Next: 12%
Magic:  2/2        EV: 13    Int: 12    God:
Gold:   0          SH:  0    Dex: 13    Spells: 1/1 levels left

rFire   . . .      SeeInvis .   a - +0 hand axe
rCold   . . .      Faith    .   (no shield)
rNeg    . . .      Spirit   .   (helmet restricted)
rPois   .          Reflect  .   (no amulet)
rElec   .          Harm     .   (no ring)
rCorr   .          Rampage  .   (no ring)
Will    .....                   (no ring)
Stlth   ++++......              (no ring)
HPRegen 0.07/turn               (no ring)
MPRegen 0.08/turn               (no ring)
                                (no ring)
                                (no ring)

@: lethally poisoned (-9 -> -12)
A: almost no armour, amphibious, 8 rings, camouflage 1, gelatinous body 1,
(nimble swimmer 1), tentacles
a: no special abilities


You were on level 4 of the Dungeon.
You visited 1 branch of the dungeon, and saw 2 of its levels.

Inventory:

Hand Weapons
 a - a +0 hand axe (weapon)
Missiles
 g - a throwing net (quivered)
Wands
 f - a wand of digging (3)
Scrolls
 b - a scroll of fog
 c - a scroll of magic mapping
 d - a scroll of fear
Potions
 e - a potion of haste


   Skills:
 + Level 3.1 Fighting
 + Level 2.0 Axes
 + Level 2.0 Dodging
 + Level 7.1 Stealth


You had one spell level left.
You didn't know any spells.
Your spell library was empty.

Dungeon Overview and Level Annotations

Branches:
Dungeon (5/15)
 Temple: D:4-7

Altars:


Innate Abilities, Weirdness & Mutations

You cannot wear most types of armour.
You are amphibious.
You can wear up to eight rings at the same time.
Your skin changes colour to match your surroundings (Stealth+).
Your rubbery body absorbs attacks. (AC +1, EV +1)
((You are camouflaged when in or above water. (Stealth+)))
You have tentacles for arms and can constrict up to eight enemies at once.


Message History

An orc priest comes into view. It is wielding a +0 club.
An orc comes into view. It is wielding a +0 flail.
Unknown command.
An orc comes into view.
It is wielding a +3 dagger of pain and quivering silver boomerangs.
You see here a +0 halberd.
The orc shouts!
The adder hisses angrily.
The adder misses you.
An endoplasm comes into view.
The endoplasm quivers.
You slash the adder! Your grab misses the adder.
You squeeze the adder, but do no damage.
The adder is severely wounded.
The adder bites you. The adder closely misses you.
You closely miss the adder. Your grab misses the adder.
The adder is severely wounded.
The adder misses you. x2
You barely miss the adder.
The orc shouts!
Your grab misses the adder.
The adder is severely wounded.
The adder bites you.
You are poisoned.
The adder poisons you!
You closely miss the adder. Your grab misses the adder.
Your tentacle-slap misses the adder.
You squeeze the adder.
You kill the adder!
You feel sick.
Your Stealth skill increases to level 7!
You have reached level 2!
You feel sick.
You see here a +0 halberd.
The orc priest shouts!
You hit the orc but do no damage. You grab the orc. You constrict the orc.
You feel sick.
The orc hits you with a +3 dagger of pain.
* * * LOW HITPOINT WARNING * * *
The orc priest mumbles some strange prayers to Beogh against you.
Beogh smites you!
Ouch! That really hurt!
You die...

#......# #.
#......## ...
#....... ...#
#.....# ..o..
#o....#
#..##.!...####.
#...J.........
#.o#.#..# #
#.#.@#.#..####.#
#..............#
##.#............
#.#.##...######
#.#....>.# #
####.#.# ...#.#
#.####.# # .#


You could see an orc priest, 2 orcs and an endoplasm.

Vanquished Creatures
  An adder (D:4)
1 creature vanquished.

Notes
Turn   | Place    | Note
-------+----------+-------------------------------------------
     0 | D:5      | xian the Octopode Delver began the quest for the Orb.
     0 | D:5      | Reached XP level 1. HP: 16/16 MP: 1/1
    24 | D:5      | Identified the +1 ring mail of Ungygyrgh {Int+9 Dex-3}
    39 | D:4      | Noticed an orc priest
    50 | D:4      | Reached skill level 7 in Stealth
    50 | D:4      | Reached XP level 2. HP: 11/21 MP: 2/2
    51 | D:4      | Killed from afar by an orc priest

Illustrated notes

Levels and vault maps discovered:
D:4:      layout_basic, portal_sewer_entry_b, uniq_eustachio, uniq_blork_the_orc
D:5:      layout_cave_pods, nicolae_vehumet_radiance,
          mainiacjoe_overflow_alcove_2, minmay_temple_entry_wispy,
          minmay_misc_feat_rugged

Skill      XL: |  1 |
---------------+----+-----
Stealth        | 7 |  7.1
Fighting       | |  3.1
Axes           | |  2.0
Dodging        | |  2.0

Action                   || total
-------------------------++-------
Melee: Hand axe          ||     5
       Tentacles         ||     2
       Constrict         ||     1
Dodge: Dodged            ||     4
